 Dungeon Crawl Stone Soup version 0.26-a0-808-g930a2b7adc (webtiles) character file.

Game seed: 12685272145786251190

13705 Morbidden the Fighter (level 11, -5/87 HPs)
             Began as a Demonspawn Brigand on Nov 12, 2020.
             Was a High Priest of Cheibriados.
             Slain by a two-headed ogre
             ... wielding a cursed -3 giant spiked club
              (14 damage)
             ... on level 11 of the Dungeon.
             The game lasted 00:25:18 (10650 turns).

Morbidden the Fighter (Demonspawn Brigand)         Turns: 10650, Time: 00:25:19

Health: -5/87      AC: 17    Str: 35    XL:     11   Next: 79%
Magic:  7/16       EV: 15    Int: 27    God:    Cheibriados [*****.]
Gold:   617        SH:  0    Dex: 29    Spells: 15/15 levels left

rFire    . . .     SeeInvis .   a - +6 scimitar
rCold    + + +     Faith    .   (no shield)
rNeg     . . .     Spirit   .   C - +5 scale mail {rC+}
rPois    .         Reflect  .   (helmet restricted)
rElec    .         Harm     .   c - +0 cloak
rCorr    .         Rampage  .   (no gloves)
MR       .....                  (no boots)
Stlth    +++.......             A - amulet of regeneration
HPRegen  0.64/turn              w - +6 ring of strength
MPRegen  0.15/turn              n - +6 ring of strength

@: very slow
A: horns 2, icy blue scales 3, agile 2, cold resistance 1
a: Bend Time, Temporal Distortion, Slouch, Step From Time, Renounce Religion


You were on level 11 of the Dungeon.
You worshipped Cheibriados.
Cheibriados was extremely pleased with you.
You visited 2 branches of the dungeon, and saw 12 of its levels.

You collected 617 gold pieces.

Inventory:

Hand Weapons
 a - a +6 scimitar (weapon)
 b - a +0 dagger of venom
 D - a +2 dagger
Missiles
 e - 14 poisoned darts (quivered)
 t - a curare-tipped dart
 y - 6 atropa-tipped darts
 z - 16 boomerangs
Armour
 c - a +0 cloak (worn)
 s - a +1 animal skin
 C - a +5 scale mail of cold resistance (worn)
Jewellery
 m - an uncursed ring of resist corrosion
 n - a +6 ring of strength (right hand)
 v - an uncursed ring of protection from cold
 w - a +6 ring of strength (left hand)
 A - an amulet of regeneration (around neck)
Wands
 d - a wand of digging (4)
 h - a wand of acid (6)
 p - a wand of flame (41)
Scrolls
 f - 4 scrolls of remove curse
 k - 2 scrolls of amnesia
 l - 12 scrolls of teleportation
 q - 4 scrolls of identify
 u - a scroll of enchant armour
 x - a scroll of silence {unknown}
Potions
 g - a potion of might {unknown}
 i - a potion of ambrosia {unknown}
 j - a potion of lignification
 o - 4 potions of curing
 B - 2 potions of attraction


   Skills:
 * Level 8.4 Fighting
 + Level 6.1(8.1) Short Blades
 * Level 8.3(9.2) Long Blades
 + Level 7.5 Throwing
 + Level 3.5 Armour
 + Level 4.4 Dodging
 + Level 6.9 Stealth
 * Level 2.5 Spellcasting
 * Level 7.2 Invocations
 + Level 0.4 Evocations


You had 15 spell levels left.
You didn't know any spells.
Your spell library contained the following spells:

 Spells                   Type           Power        Failure   Level
 Beastly Appendage        Tmut           #.....       17%         1
 Corona                   Hex            #......      17%         1
 Slow                     Hex            #.......     26%         2
 Wereblood                Tmut           #.......     26%         2
 Inner Flame              Hex/Fire       #.......     45%         3
 Portal Projectile        Hex/Tloc       #.....       45%         3
 Spider Form              Tmut/Pois      #.........   45%         3
 Cause Fear               Hex            #.........   86%         4
 Ice Form                 Ice/Tmut       #.......     86%         4
 Leda's Liquefaction      Hex/Erth       #.........   86%         4
 Blade Hands              Tmut           #.........   99%         5


Dungeon Overview and Level Annotations

Branches:
Dungeon (11/15)            Temple (1/1) D:6            Lair (0/6) D:10
    Orc (0/2) D:9

Altars:
Ashenzari
Cheibriados
Dithmenos
Elyvilon
Fedhas
Gozag
Hepliaklqana
Kikubaaqudgha
Makhleb
Nemelex Xobeh
Okawaru
Qazlal
Ru
Sif Muna
Trog
Uskayaw
Vehumet
Wu Jian
Xom
Yredelemnul
Zin
The Shining One

Shops:
D:10 }

Portals:
Trove: D:10 (give 6 scrolls of fog)

Annotations:
D:2 1 runed translucent door, Crazy Yiuf


Innate Abilities, Weirdness & Mutations

You have a pair of horns on your head.
You are completely covered in icy blue scales. (AC +4, rC+)
Your flesh is cold resistant. (rC+)
You are very agile. (Dex +4)


Message History

Press: ? - help, Shift-Dir - straight line, f/p - two-headed ogre
Aim: a two-headed ogre, wielding a -3 giant spiked club and a +0 giant spiked club (extremely poisoned)
You throw a poisoned dart.
The poisoned dart hits the two-headed ogre.
The two-headed ogre looks as sick as possible!
Unknown command.
Throwing (i - inventory. (/) - cycle)
e - 15 poisoned darts (quivered)
Press: ? - help, Shift-Dir - straight line, f/p - two-headed ogre
Aim: a two-headed ogre, wielding a -3 giant spiked club and a +0 giant spiked club (lightly wounded, extremely poisoned)
You throw a poisoned dart.
The poisoned dart hits the two-headed ogre.
The two-headed ogre looks as sick as possible!
The two-headed ogre is lightly wounded.
Unknown command.
You slice the two-headed ogre!! You headbutt the two-headed ogre.
The two-headed ogre is severely wounded.
The two-headed ogre hits you with a cursed -3 giant spiked club!!
* * * LOW HITPOINT WARNING * * *
The two-headed ogre hits you with a +0 giant spiked club!
You die...

...# ##..(..###
...# ##.())...##
...# #...(.....##
...# #...((.....#
...#
#.....(....##
...#
#...........#
...#
#.......(...##
...#
##......cO.(.#
...#
#......))@###
..## #......))##
#.#
##)....#..#####
###
#...###...#..##
##### ##......##
# ###.......## ##
##..........##
.#####
#............###.
..#..#
##............#..


You could see a two-headed ogre (extremely poisoned) and a centaur (extremely
poisoned).

Vanquished Creatures
  A centaur warrior (D:11)
  3 two-headed ogres (D:9)
  A wizard (D:10)
  Pikel (D:6)
  3 ugly things (D:11)
  A polar bear (D:8)
  3 trolls
  A hornet (D:10)
  Prince Ribbit (D:5)
  A vampire (D:11)
  6 yaks
  A warg (D:9)
  2 black bears
  3 ice beasts
  3 sky beasts
  5 orc warriors
  2 eyes of draining
  6 ogres
  5 phantoms
  2 wolves (D:10)
  13 centaurs
  4 lemures (D:6)
  5 bullfrogs
  A gnoll sergeant (D:7)
  4 scorpions
  10 wights
  3 howler monkeys (D:9)
  3 electric eels
  A bullfrog zombie (D:7)
  8 orc priests
  2 centaur skeletons
  A bullfrog skeleton (D:4)
  14 hounds
  6 jellies
  10 orc wizards
  Jessica (D:2)
  3 iguanas
  12 worker ants
  A bullfrog simulacrum (D:8)
  2 hound skeletons
  A worker ant zombie (D:9)
  Robin (D:2)
  11 gnolls
  A howler monkey skeleton (D:4)
  7 adders
  2 shadow imps
  A white imp (D:7)
  3 ufetubi
  An adder zombie (D:7)
  An adder skeleton (D:10)
  3 worms (D:2)
  2 adder simulacra (D:8)
  7 leopard geckos
  47 orcs
  6 giant cockroaches
  17 goblins
  16 hobgoblins
  6 jackals
  3 quokkas
  A ball python (D:5)
  9 bats
  10 frilled lizards
  6 kobolds
  A leopard gecko skeleton (D:6)
  A quokka skeleton (D:9)
  5 rats
324 creatures vanquished.

Notes
Turn   | Place    | Note
-------+----------+-------------------------------------------
     0 | D:1      | Morbidden the Demonspawn Brigand began the quest for the
                  | Orb.
     0 | D:1      | Reached XP level 1. HP: 16/16 MP: 1/1
   512 | D:1      | Gained mutation: You have a pair of small horns on your
                  | head. [demonic ancestry]
   512 | D:1      | Reached XP level 2. HP: 22/22 MP: 2/2
   572 | D:1      | Reached skill level 1 in Dodging
  1133 | D:2      | Gained mutation: You have a pair of horns on your head.
                  | [demonic ancestry]
  1133 | D:2      | Reached XP level 3. HP: 28/28 MP: 3/3
  1193 | D:2      | Noticed Jessica
  1206 | D:2      | Killed Jessica
  1433 | D:2      | Noticed Robin
  1536 | D:2      | Killed Robin
  1536 | D:2      | Reached XP level 4. HP: 24/34 MP: 4/4
  1762 | D:2      | Found an ornate altar of the Wu Jian Council.
  2296 | D:2      | Found a runed translucent door.
  2297 | D:2      | Noticed Crazy Yiuf
  2512 | D:3      | Reached XP level 5. HP: 40/40 MP: 5/5
  2711 | D:3      | Found an iron altar of Okawaru.
  2712 | D:3      | Found a bloodstained altar of Trog.
  3209 | D:4      | Gained mutation: You are partially covered in icy blue
                  | scales. (AC +2) [demonic ancestry]
  3209 | D:4      | Reached XP level 6. HP: 47/47 MP: 6/6
  3268 | D:4      | Reached skill level 5 in Stealth
  3788 | D:4      | Reached XP level 7. HP: 53/53 MP: 7/7
  4117 | D:5      | Entered Level 5 of the Dungeon
  4138 | D:5      | Found a shimmering altar of Xom.
  4165 | D:5      | Found a glowing silver altar of Zin.
  4376 | D:5      | Noticed Prince Ribbit
  4390 | D:5      | Killed Prince Ribbit
  4390 | D:5      | Gained mutation: Your flesh is cold resistant. (rC+)
                  | [demonic ancestry]
  4390 | D:5      | Reached XP level 8. HP: 56/61 MP: 8/8
  4588 | D:6      | Found a staircase to the Ecumenical Temple.
  4588 | D:6      | Noticed Pikel
  4666 | D:6      | Killed Pikel
  4666 | D:6      | Reached skill level 5 in Fighting
  4666 | D:6      | Reached skill level 5 in Short Blades
  4713 | Temple   | Entered the Ecumenical Temple
  4801 | Temple   | Became a worshipper of Cheibriados the Contemplative
  4867 | D:6      | Reached skill level 5 in Throwing
  5044 | D:6      | Reached XP level 9. HP: 43/69 MP: 9/9
  5318 | D:6      | Reached * piety under Cheibriados
  6223 | D:7      | Found a sacrificial altar of Ru.
  6473 | D:7      | Reached ** piety under Cheibriados
  6473 | D:7      | Reached skill level 1 in Armour
  6552 | D:7      | Reached skill level 1 in Invocations
  6616 | D:7      | Reached skill level 1 in Long Blades
  6876 | D:8      | Noticed a polar bear
  6891 | D:8      | Killed a polar bear
  6896 | D:8      | Gained mutation: You are agile. (Dex +2) [potion of
                  | mutation]
  6896 | D:8      | Gained mutation: You are very agile. (Dex +4) [potion of
                  | mutation]
  7236 | D:8      | Gained mutation: You are mostly covered in icy blue scales.
                  | (AC +3) [demonic ancestry]
  7236 | D:8      | Reached XP level 10. HP: 77/77 MP: 12/12
  7432 | D:8      | Found a radiant altar of Vehumet.
  7444 | D:8      | Found a sacrificial altar of Ru.
  7444 | D:8      | Found an ancient bone altar of Kikubaaqudgha.
  7444 | D:8      | Found a blossoming altar of Fedhas.
  7445 | D:8      | Found a hide-covered altar of Uskayaw.
  7445 | D:8      | Found a basalt altar of Yredelemnul.
  7445 | D:8      | Found a broken altar of Ashenzari.
  7488 | D:8      | Reached *** piety under Cheibriados
  8108 | D:9      | Noticed a two-headed ogre
  8130 | D:9      | Killed a two-headed ogre
  8130 | D:9      | Reached skill level 5 in Long Blades
  8262 | D:9      | Found a shimmering blue altar of Sif Muna.
  8292 | D:9      | Noticed a two-headed ogre
  8303 | D:9      | Killed a two-headed ogre
  8303 | D:9      | Reached skill level 5 in Invocations
  8329 | D:9      | Noticed a two-headed ogre
  8336 | D:9      | Killed a two-headed ogre
  8439 | D:9      | Found a shadowy altar of Dithmenos.
  8443 | D:9      | Reached **** piety under Cheibriados
  8581 | D:9      | Gained mutation: You are completely covered in icy blue
                  | scales. (AC +4, rC+) [demonic ancestry]
  8581 | D:9      | Reached XP level 11. HP: 21/84 MP: 15/15
  8943 | D:9      | Found a staircase to the Orcish Mines.
  9307 | D:10     | Entered Level 10 of the Dungeon
  9335 | D:10     | Found Ischo's Gadget Boutique.
  9375 | D:10     | Reached ***** piety under Cheibriados
  9546 | D:10     | Found a staircase to the Lair.
  9829 | D:10     | Noticed a wizard
  9835 | D:10     | Killed a wizard
  9923 | D:10     | Found a basalt altar of Yredelemnul.
  9923 | D:10     | Found a portal to a secret trove of treasure.
  9980 | D:10     | Reached skill level 1 in Spellcasting
 10337 | D:11     | Identified the cursed +0 shortbow of the Wilderness {speed,
                  | rElec Str+6} (You found it on level 11 of the Dungeon)
 10364 | D:11     | Noticed a white ugly thing
 10370 | D:11     | Killed a white ugly thing
 10411 | D:11     | Noticed a white ugly thing
 10413 | D:11     | Noticed a cyan ugly thing
 10416 | D:11     | Killed a white ugly thing
 10420 | D:11     | Killed a cyan ugly thing
 10601 | D:11     | Noticed a seven-headed hydra
 10608 | D:11     | Noticed a two-headed ogre
 10633 | D:11     | Noticed a centaur warrior
 10636 | D:11     | Killed a centaur warrior
 10650 | D:11     | Slain by a two-headed ogre

Illustrated notes

Levels and vault maps discovered:
D:1:      dpeg_arrival_long_road, layout_loops_ring
D:2:      layout_loops_ring, lemuel_doored_altar, minmay_misc_feat_rows,
          uniq_crazy_yiuf_cottage, uniq_jessica, uniq_robin
D:3:      layout_loops_ring, chequers_temple_overflow_statue_of_worship
D:4:      layout_cave_pools
D:5:      layout_rooms, kennysheep_mini_moat, basic_altar, uniq_prince_ribbit1
D:6:      layout_loops_ring, minmay_temple_entry_glass, uniq_pikel
D:7:      layout_basic, basic_altar, nrook_mini_vaults
D:8:      layout_loops_corners, grunt_temple_overflow_open, serial_ice,
          serial_ice_i, serial_ice_d, serial_ice_n, serial_ice_f,
          minmay_misc_feat_iff, lightli_minifort
D:9:      layout_roguey, grunt_dithmenos_smoke, erik_orc_3, tgw_sif
D:10:     layout_stronghold, erik_lair_island, enter_trove_0, serial_shops,
          nicolae_shop_stone, yredelemnul_altar_generic
D:11:     layout_cave_pods
Temple:   zaba_magenta_temple

Skill      XL: |  1  2  3  4  5  6  7  8  9 10 11 |
---------------+----------------------------------+-----
Dodging        | 1 2 3 4 |  4.4
Stealth        | 4 5 6 |  6.9
Short Blades   | 2 3 4 5 6 |  6.1
Throwing       | 2 3 4 5 6 7 |  7.5
Fighting       | 3 4 5 6 7 8 |  8.4
Armour         | 1 2 3 |  3.5
Invocations    | 3 6 7 |  7.2
Long Blades    | 4 6 8 |  8.3
Spellcasting   | 2 |  2.5
Evocations     | |  0.4

Action                   |  1- 3 |  4- 6 |  7- 9 | 10-12 || total
-------------------------+-------+-------+-------+-------++-------
Melee: Dagger            |    61 |   228 |   281 |       ||   570
       Headbutt          |     2 |    41 |    94 |    86 ||   223
       Scimitar          |       |       |    86 |   214 ||   300
Throw: Dart              |    28 |    28 |    92 |   118 ||   266
       Boomerang         |       |       |       |     9 ||     9
Invok: Slouch            |       |       |       |     3 ||     3
Evoke: Wand              |     1 |     2 |       |     4 ||     7
  Use: Scroll            |     1 |     2 |     8 |     6 ||    17
       Potion            |       |       |     8 |     1 ||     9
 Stab: Sleeping          |     4 |     7 |     3 |     6 ||    20
       Distracted        |     1 |     2 |       |     1 ||     4
       Invisible         |       |     5 |     1 |       ||     6
Armor: Robe              |     5 |       |       |       ||     5
       Animal skin       |       |    27 |    28 |       ||    55
       Scale mail        |       |       |    58 |    96 ||   154
       Skin              |       |       |    27 |       ||    27
Dodge: Dodged            |    43 |   105 |   184 |   170 ||   502
       Rpst.: Scimitar   |       |       |    15 |    35 ||    50

Table legend: (Time is in decaauts)
 A = Elapsed time spent in this place.
 B = Non-inter-level travel time spent in this place.
 C = Inter-level travel time spent in this place.
 D = Time resting spent in this place.
 E = Time spent auto-exploring this place.
 F = Levels seen in this place.
 G = Mean time per level.
                   A        B        C        D        E       F      G
               +--------+--------+--------+--------+--------+-----+--------+
         Total |  12641 |  12078 |    563 |    884 |   8977 |  12 | 1053.4 |
       Dungeon |  12535 |  12001 |    534 |    884 |   8920 |  11 | 1139.5 |
        Temple |    106 |     77 |     29 |      0 |     57 |   1 |  106.0 |
               +--------+--------+--------+--------+--------+-----+--------+

Top non-repeatable levels by time:
     D:9: 1740 daAuts
     D:8: 1693 daAuts
     D:6: 1644 daAuts
    D:10: 1594 daAuts
     D:2: 1375 daAuts
     D:4: 1062 daAuts
     D:1: 944 daAuts
     D:7: 901 daAuts
     D:3: 600 daAuts
    D:11: 545 daAuts
     D:5: 432 daAuts
  Temple: 106 daAuts
